 Dungeon Crawl Stone Soup version 0.28-a0-407-g69098e2f6d (webtiles) character file.

Game seed: 15906118173733764

39 ytrimaz the Insei (level 3, 0/23 HPs)
             Began as an Octopode Transmuter on Sept 5, 2021.
             Slain by a hobgoblin (4 damage)
             ... on level 2 of the Dungeon.
             The game lasted 00:01:26 (1403 turns).

ytrimaz the Insei (Octopode Transmuter)             Turns: 1403, Time: 00:01:30

Health: 0/23       AC:  1    Str:  9    XL:     3   Next: 45%
Magic:  5/6        EV: 13    Int: 16    God:
Gold:   52         SH:  0    Dex: 12    Spells: 5/6 levels left

rFire   . . .      SeeInvis .     - Unarmed
rCold   . . .      Faith    .   (no shield)
rNeg    . . .      Spirit   .   (helmet currently unavailable)
rPois   .          Reflect  .   (no amulet)
rElec   .          Harm     .   (no ring)
rCorr   .          Rampage  .   (no ring)
Will    .....                   (no ring)
Stlth   ++........              (no ring)
HPRegen 0.07/turn               (no ring)
MPRegen 0.10/turn               (no ring)
                                (no ring)
                                (no ring)

@: appendages (expiring)
A: tentacle spike 3, almost no armour, amphibious, 8 rings, camouflage 1,
gelatinous body 1, (nimble swimmer 1), tentacles
a: End Transformation


You were on level 2 of the Dungeon.
One of your tentacles had grown a beastly spike.
You visited 1 branch of the dungeon, and saw 2 of its levels.

You collected 52 gold pieces.

Inventory:

Scrolls
 b - a scroll of magic mapping {unknown}
 d - 2 scrolls of blinking
Potions
 a - a potion of curing
 c - a potion of resistance


   Skills:
 * Level 1.4 Fighting
 + Level 2.1 Dodging
 + Level 3.6 Unarmed Combat
 * Level 2.4 Spellcasting
 + Level 2.2 Transmutations


You had 5 spell levels left.
You knew the following spells:

 Your Spells              Type           Power      Damage    Failure   Level
a - Beastly Appendage     Tmut           18%        N/A       9%          1

Your spell library contained the following spells:

 Spells                   Type           Power      Damage    Failure   Level
 Wereblood                Tmut           9%         N/A       12%         2
 Apportation              Tloc           2%         N/A       21%         1
 Shock                    Conj/Air       4%         1d3       21%         1
 Spider Form              Tmut/Pois      2%         N/A       36%         3
 Swiftness                Air            1%         N/A       52%         3
 Ice Form                 Ice/Tmut       5%         N/A       77%         4
 Airstrike                Air            0%         N/A       89%         4
 Alistair's Intoxication  Tmut/Pois      3%         N/A       98%         5
 Invisibility             Hex            0%         N/A       100%        6


Dungeon Overview and Level Annotations

Branches:
Dungeon (2/15)

Altars:


Innate Abilities, Weirdness & Mutations

One of your tentacles has grown a beastly spike.
You cannot wear most types of armour.
You are amphibious.
You can wear up to eight rings at the same time.
Your skin changes colour to match your surroundings (Stealth+).
Your rubbery body absorbs attacks. (AC +1, EV +1)
((You are camouflaged near water. (Stealth+)))
You have tentacles for arms and can constrict up to eight enemies at once.


Message History

You tentacle-slap the hobgoblin but do no damage.
Your grab misses the hobgoblin. The bat hits you. The hobgoblin hits you.
You tentacle-slap the hobgoblin but do no damage.
Your grab misses the hobgoblin. The bat barely misses you.
The hobgoblin hits you.
You barely miss the hobgoblin. Your grab misses the hobgoblin.
The bat closely misses you. The hobgoblin hits you.
You tentacle-slap the hobgoblin but do no damage.
You grab the hobgoblin.
You constrict the hobgoblin, but do no damage.
The bat closely misses you.
You release your grip on the hobgoblin.
The bat barely misses you. The hobgoblin barely misses you.
The bat hits you but does no damage.
Casting: Beastly Appendage (safe; 9% risk of failure)
Confirm with . or Enter, or press ? or * to list all spells.
One of your tentacles grows a vicious spike.
The hobgoblin hits you.
Found a rapier.
You see here a scroll labelled FAR NUATTULEIL.
You closely miss the hobgoblin. You grab the hobgoblin.
You constrict the hobgoblin.
The hobgoblin escapes!
You tentacle-slap the hobgoblin but do no damage.
You grab the hobgoblin. You constrict the hobgoblin.
The hobgoblin barely misses you. The hobgoblin hits you.
* * * LOW HITPOINT WARNING * * *
You tentacle-slap the hobgoblin but do no damage.
You pierce the hobgoblin.
You kill the hobgoblin!
The bat closely misses you. The hobgoblin hits you.
* * * LOW HITPOINT WARNING * * *
The bat barely misses you. The hobgoblin closely misses you.
You see here a hobgoblin corpse.
You tentacle-slap the hobgoblin but do no damage.
You grab the hobgoblin.
You pierce the hobgoblin, but do no damage.
Your transformation is almost over.
You constrict the hobgoblin. The bat completely misses you. x2
The hobgoblin hits you.
You die...

###$...##.........
#......##...........
#....##..)............ #
#.#. ##...............
##.. #.##.)..............
....##.....†..$.........#
....>...#..........
#...##..........
##..?@b#...#....
.......g####..####.
.#.#..... .... .........
..### ......#.... .##
.............#
.#...)..#....
#....#.......


You could see a hobgoblin and a bat.

Vanquished Creatures
  A dart slug (D:1)
  3 bats (D:1)
  3 endoplasms
  3 giant cockroaches
  2 goblins
  3 hobgoblins
  4 jackals (D:1)
  4 quokkas
  4 ball pythons (D:1)
  A frilled lizard (D:2)
  3 rats
31 creatures vanquished.

Notes
Turn   | Place    | Note
-------+----------+-------------------------------------------
     0 | D:1      | ytrimaz the Octopode Transmuter began the quest for the
                  | Orb.
     0 | D:1      | Reached XP level 1. HP: 13/13 MP: 3/3
   124 | D:1      | Reached XP level 2. HP: 13/18 MP: 5/5
   574 | D:1      | Found a faded altar of an unknown god.
  1044 | D:1      | Reached XP level 3. HP: 20/23 MP: 6/6
  1403 | D:2      | Slain by a hobgoblin

Illustrated notes

Levels and vault maps discovered:
D:1:      dpeg_arrival_prison, layout_loops_corners,
          shapermc_ecumenical_altar_totnotflames
D:2:      layout_rooms, serial_glass, glass_columns_a, glass_columns_a,
          uniq_sigmund

Action                   || total
-------------------------++-------
Melee: Unarmed           ||    77
       Constrict         ||    20
       Tentacles         ||     9
       Kick              ||     2
       Punch             ||     1
 Cast: Beastly Appendage ||     1
  Use: Scroll            ||     5
 Stab: Sleeping          ||     2
Armor: Skin              ||    13
Dodge: Dodged            ||    70

Table legend: (Time is in decaauts)
 A = Elapsed time spent in this place.
 B = Non-inter-level travel time spent in this place.
 C = Inter-level travel time spent in this place.
 D = Time resting spent in this place.
 E = Time spent auto-exploring this place.
 F = Levels seen in this place.
 G = Mean time per level.
                   A        B        C        D        E       F      G
               +--------+--------+--------+--------+--------+-----+--------+
         Total |   1398 |   1375 |     23 |      0 |   1155 |   2 |  699.0 |
       Dungeon |   1398 |   1375 |     23 |      0 |   1155 |   2 |  699.0 |
               +--------+--------+--------+--------+--------+-----+--------+

Top non-repeatable levels by time:
     D:1: 1335 daAuts
     D:2: 62 daAuts
